 Dungeon Crawl Stone Soup version 0.31-a0-174-g85c54bcb58 (webtiles) character file.

Game seed: 16156423945249942500

149 qw the Chopper (level 5, -2/32 HPs)
             Began as a Gargoyle Fighter on June 15, 2023.
             Slain by an orc
             ... wielding a +0 trident
              (5 damage)
             ... on level 3 of the Dungeon.
             The game lasted 00:01:08 (2279 turns).

qw the Chopper (Gargoyle Fighter)                   Turns: 2279, Time: 00:01:09

Health: -2/32      AC: 10    Str: 22    XL:     5   Next: 31%
Magic:  5/5        EV:  9    Int:  8    God:
Gold:   310        SH:  4    Dex:  9    Spells: 4/4 levels left

rFire   + . .        Y - +0 war axe (heavy)
rCold   . . .        c - +0 buckler
rNeg    + . .        b - +0 scale mail
rPois   inf          (no helmet)
rElec   +            (no cloak)
rCorr   .            (no gloves)
SInv    .            (no boots)
Will    .....        (no amulet) Stlth
                     a - ring of protection from fire
HPRegen 0.25/turn    (no ring)
MPRegen 0.09/turn

%: no passive effects
@: no status effects
A: sickness immunity, AC +4, negative energy resistance 1, electricity
resistance, torment resistance 1, petrification resistance
a: no special abilities


You were on level 3 of the Dungeon.
You visited 1 branch of the dungeon, and saw 3 of its levels.

You collected 310 gold pieces.


Innate Abilities, Weirdness & Mutations

You are immune to sickness and miasma.
Your stone body is resilient. (AC +4)
You are immune to poison.
You resist negative energy. (rN+)
You are resistant to electric shocks. (rElec)
You are resistant to unholy torment.
You are immune to petrification.


   Skills:
 - Level 3.2 Fighting
 + Level 4.9 Axes
 - Level 3.2 Armour
 - Level 3.2 Shields


You had 4 spell levels left.
You didn't know any spells.
Your spell library was empty.

Inventory:

Hand Weapons
 m - a +0 whip
 Y - a +0 heavy war axe (weapon)
Armour
 b - a +0 scale mail (worn)
 c - a +0 buckler (worn)
Jewellery
 a - a ring of protection from fire (left hand)
Scrolls
 e - a scroll of amnesia {unknown}
 g - a scroll of identify
 l - a scroll of torment {unknown}
Potions
 d - 2 potions of might
 h - a potion of attraction {unknown}
 i - a potion of degeneration {unknown}
 j - 2 potions of curing {unknown}
 k - a potion of experience {unknown}
 n - a potion of haste {unknown}

Dungeon Overview and Level Annotations

Branches:
Dungeon (3/15)

Altars:
Dithmenos
Elyvilon
The Shining One


Message History

Something hits you but does no damage.
The orc barely misses you. x2; Something hits you but does no damage.
The orc hits you with a +0 hand axe.
The orc hits you from afar with a +0 trident.
Something hits you but does no damage.
You feel less confused.
The orc splashes around in the water.
The orc hits you but does no damage. Something hits you but does no damage.
2275 ||| Stepping ~*~*~tactically~*~*~ (water).
You miss something. You hit the orc. The orc hits you but does no damage.
The orc hits you from afar with a +0 trident.
Something hits you.
The orc splashes around in the water.
The orc barely misses you.
2276 ||| Stepping ~*~*~tactically~*~*~ (water).
Your unstable footing causes you to fumble your attack.
Something hits you. The orc hits you with a +0 hand axe.
You block the orc's attack.
You hear some strange, mumbled words.
A magic dart appears from out of thin air!
The magic dart hits you but does no damage.
You block the orc's attack. The orc hits you but does no damage.
You hear some strange, mumbled words.
A magic dart appears from out of thin air!
The magic dart hits you but does no damage.
2277 ||| Stepping ~*~*~tactically~*~*~ (water).
Your unstable footing causes you to fumble your attack.
The orc splashes around in the water.
The orc completely misses you. Something hits you.
The orc splashes around in the water.
The orc barely misses you.
2278 ||| Stepping ~*~*~tactically~*~*~ (water).
You slice something!!
Reactivating autopickup.
You feel a bit more experienced.
You closely miss the orc. You block the orc's attack.
The orc barely misses you. The orc hits you but does no damage.
2279 ||| Stepping ~*~*~tactically~*~*~ (water).
The orc barely misses you. The orc hits you with a +0 hand axe.
The orc hits you from afar with a +0 trident.
You die...

#.#####.....
#........... ###
#...###.....
~~7##..^........
#77~~...##.######.
7~~~P...##.#
7~~~~o..##.#
7~~o~...##.#
7~@...##.#
#~~~#####.# #####
#.# #.# #.~~ #.#
#P~7 #.# #P~~
#.#######~P~
##..........~
#............


You could see 2 orcs.

Vanquished Creatures
  An orc priest (D:3)
  2 orc wizards (D:3)
  2 worms (D:2)
  A dart slug (D:1)
  3 orcs
  A bat (D:1)
  3 endoplasms
  3 giant cockroaches
  3 goblins
  5 hobgoblins
  4 jackals
  9 kobolds
  8 ball pythons
  9 frilled lizards
  7 rats
61 creatures vanquished.

Notes
Turn   | Place    | Note
-------+----------+-------------------------------------------
     0 | D:1      | qw the Gargoyle Fighter began the quest for the Orb.
     0 | D:1      | Reached XP level 1. HP: 14/14 MP: 1/1
     0 | D:1      | 0 ||| qw: Version: 0.2-a-29-g511e9b1
     0 | D:1      | 0 ||| qw: Game counter: 5203
     0 | D:1      | 0 ||| qw: Always use a shield: true
     0 | D:1      | 0 ||| qw: God list: Okawaru
     0 | D:1      | 0 ||| qw: Allow faded altars: false
     0 | D:1      | 0 ||| qw: Do Orc after D:15 true
     0 | D:1      | 0 ||| qw: Do second Lair branch before Depths: true
     0 | D:1      | 0 ||| qw: Lair rune preference: random
     0 | D:1      | 0 ||| qw: Plans: Normal, Zot:1-4, Slime:5, God:TSO, Crypt,
                  | Tomb, Abyss, Pan, Hells, Win
     0 | D:1      | 0 ||| PLANNING D:1-11
    19 | D:1      | 19 ||| Stepping ~*~*~tactically~*~*~ (stealth).
    25 | D:1      | Reached skill level 2 in Axes
    47 | D:1      | 47 ||| Stepping ~*~*~tactically~*~*~ (stealth).
    48 | D:1      | 48 ||| Stepping ~*~*~tactically~*~*~ (stealth).
    52 | D:1      | Reached XP level 2. HP: 17/19 MP: 2/2
   183 | D:1      | Reached skill level 3 in Axes
   232 | D:1      | Reached XP level 3. HP: 23/23 MP: 3/3
   280 | D:1      | 280 ||| Stepping ~*~*~tactically~*~*~ (hiding).
   281 | D:1      | 281 ||| Stepping ~*~*~tactically~*~*~ (hiding).
   315 | D:1      | Found a faded altar of an unknown god.
   422 | D:1      | 422 ||| Stepping ~*~*~tactically~*~*~ (stealth).
   424 | D:1      | 424 ||| Stepping ~*~*~tactically~*~*~ (hiding).
   719 | D:1      | 719 ||| READING scroll labelled WOPLUNA FASK.
   720 | D:1      | 720 ||| READING scroll labelled ORIUHI HUIZO.
   721 | D:1      | 721 ||| READING scroll labelled HOUROE DITIOCO.
   804 | D:2      | 804 ||| Stepping ~*~*~tactically~*~*~ (stealth).
   805 | D:2      | 805 ||| Stepping ~*~*~tactically~*~*~ (stealth).
   882 | D:2      | 882 ||| Stepping ~*~*~tactically~*~*~ (stealth).
  1451 | D:2      | 1451 ||| UPGRADING to ring of protection from fire.
  1452 | D:2      | 1452 ||| READING scroll labelled ILI YZXYZXIOFE.
  1453 | D:2      | 1453 ||| READING 2 scrolls labelled GAXUQO CUIRI.
  1454 | D:2      | 1454 ||| READING 3 scrolls labelled TONE ORGHIGA.
  1455 | D:2      | 1455 ||| READING scroll labelled VUWOSO EVVUJ.
  1456 | D:2      | 1456 ||| READING scroll labelled YFRUCY UGHICO.
  1557 | D:2      | 1557 ||| DROPPING scroll of poison.
  1558 | D:2      | 1558 ||| DROPPING 2 scrolls of noise.
  1706 | D:3      | 1706 ||| Stepping ~*~*~tactically~*~*~ (stealth).
  1744 | D:3      | Reached XP level 4. HP: 28/28 MP: 4/4
  1744 | D:3      | Found a white marble altar of Elyvilon.
  1811 | D:3      | 1811 ||| Stepping ~*~*~tactically~*~*~ (hiding).
  1812 | D:3      | 1812 ||| Stepping ~*~*~tactically~*~*~ (hiding).
  1813 | D:3      | 1813 ||| FLEEEEING.
  1814 | D:3      | 1814 ||| FLEEEEING.
  1815 | D:3      | 1815 ||| FLEEEEING.
  1816 | D:3      | 1816 ||| FLEEEEING.
  1817 | D:3      | 1817 ||| FLEEEEING.
  1818 | D:3      | 1818 ||| FLEEEEING.
  1819 | D:3      | 1819 ||| FLEEEEING.
  1820 | D:3      | 1820 ||| FLEEEEING.
  1821 | D:3      | 1821 ||| FLEEEEING.
  1822 | D:3      | 1822 ||| FLEEEEING.
  1823 | D:3      | 1823 ||| FLEEEEING.
  1824 | D:3      | 1824 ||| FLEEEEING.
  1825 | D:3      | 1825 ||| FLEEEEING.
  1826 | D:3      | 1826 ||| STAIRDANCE
  1856 | D:2      | 1856 ||| READING 2 scrolls of identify.
  1856 | D:2      | 1856 ||| IDENTIFYING lumpy sapphire potion
  1861 | D:3      | 1861 ||| STAIRDANCE
  1905 | D:3      | Reached skill level 4 in Axes
  1983 | D:3      | Reached XP level 5. HP: 25/32 MP: 5/5
  2010 | D:3      | 2010 ||| DROPPING +0 club.
  2013 | D:3      | Found a glowing golden altar of the Shining One.
  2145 | D:3      | Found a shadowy altar of Dithmenos.
  2265 | D:3      | HP: 8/32 [something (2)]
  2266 | D:3      | 2266 ||| DRINKING potion of heal wounds.
  2268 | D:3      | 2268 ||| Stepping ~*~*~tactically~*~*~ (water).
  2269 | D:3      | 2269 ||| Stepping ~*~*~tactically~*~*~ (water).
  2275 | D:3      | 2275 ||| Stepping ~*~*~tactically~*~*~ (water).
  2276 | D:3      | 2276 ||| Stepping ~*~*~tactically~*~*~ (water).
  2277 | D:3      | 2277 ||| Stepping ~*~*~tactically~*~*~ (water).
  2277 | D:3      | HP: 7/32 [something (3)]
  2278 | D:3      | 2278 ||| Stepping ~*~*~tactically~*~*~ (water).
  2279 | D:3      | 2279 ||| Stepping ~*~*~tactically~*~*~ (water).
  2279 | D:3      | HP: 3/32 [orc/+0 hand axe (5)]
  2279 | D:3      | Slain by an orc

Levels and vault maps discovered:
D:1:      lightli_arrival_flooded_house, layout_rooms,
          shapermc_ecumenical_altar_flowoftime, due_unseen_surprise
D:2:      minmay_spotlight, layout_loops_ring
D:3:      layout_basic, nicolae_elyvilon_temple_path, amcnicky_altar_gilded,
          mainiacjoe_overflow_brackets, serial_bayou, serial_bayou_pond_c,
          serial_bayou_shore_b, serial_bayou_pond_d, serial_bayou_shore_b

Skill      XL: |  1  2  3  4 |
---------------+-------------+-----
Axes           | 2 3 4 |  4.9
Fighting       | |  3.2
Armour         | |  3.2
Shields        | |  3.2

Action                     |  1- 3 |  4- 6 || total
---------------------------+-------+-------++-------
  Melee: War axe           |   103 |    36 ||   139
    Use: Scroll            |     8 |     1 ||     9
         Potion            |       |     1 ||     1
 Armour: Scale mail        |    45 |    43 ||    88
  Dodge: Dodged            |    48 |    44 ||    92
  Block: Buckler           |    21 |     8 ||    29

Table legend:
 A = Non-vault XP
 B = Vault XP
 C = Vault XP percentage of total XP
 D = Non-vault monster count
 E = Vault monster count
 F = Vault count percentage of total count
                 A         B        C        D         E       F
            +---------+---------+-------+---------+---------+-------
      Total |     208 |       6 |   2.8 |      58 |       3 |   4.9
            +---------+---------+-------+---------+---------+-------
        D:1 |      46 |       0 |   0.0 |      28 |       0 |   0.0
        D:2 |      30 |       6 |  16.7 |      14 |       3 |  17.6
        D:3 |     132 |       0 |   0.0 |      16 |       0 |   0.0
            +---------+---------+-------+---------+---------+-------
